 Dungeon Crawl Stone Soup version 0.28.0-47-ge53b351184 (webtiles) character file.

Game seed: 17783484518370843973

2 pkoi the Insei (level 1, 0/17 HPs)
             Began as a Demigod Gladiator on Apr 28, 2022.
             Succumbed to a kobold's poison
             ... on level 1 of the Dungeon.
             The game lasted 00:00:16 (214 turns).

pkoi the Insei (Demigod Gladiator)                   Turns: 214, Time: 00:00:17

Health: 0/17       AC:  4    Str: 15    XL:     1   Next: 20%
Magic:  3/3        EV: 12    Int: 10    God:
Gold:   0          SH:  0    Dex: 15    Spells: 0/0 levels left

rFire   . . .      SeeInvis .     - Unarmed
rCold   . . .      Faith    .   (no shield)
rNeg    . . .      Spirit   .   a - +0 leather armour
rPois   .          Reflect  .   b - +0 helmet
rElec   .          Harm     .   (no cloak)
rCorr   .          Rampage  .   (no gloves)
Will    .....                   (no boots)
Stlth   +.........              (no amulet)
HPRegen 0.05/turn               (no ring)
MPRegen 0.08/turn               (no ring)

@: lethally poisoned (0 -> -9)
A: high MP 1, forlorn, divine attributes
a: no special abilities


You were on level 1 of the Dungeon.
You visited 1 branch of the dungeon, and saw 1 of its levels.

Inventory:

Armour
 a - a +0 leather armour (worn)
 b - a +0 helmet (worn)
Scrolls
 d - a scroll of identify {unknown}
 e - a scroll of teleportation {unknown}


   Skills:
 - Level 1.7 Fighting
 - Level 1.7 Throwing
 - Level 2.6 Dodging
 + Level 2.8 Unarmed Combat


You couldn't memorise any spells.
You didn't know any spells.
Your spell library was empty.

Dungeon Overview and Level Annotations

Branches:
Dungeon (1/15)


Innate Abilities, Weirdness & Mutations

You have an increased reservoir of magic. (+10% MP)
You shall have no god before yourself.
Your divine heritage dramatically boosts your attributes as you level up.


Message History

The kobold is heavily wounded.
You feel sick. The kobold hits you but does no damage.
You are lethally poisoned!
You barely miss the kobold.
The kobold is heavily wounded.
* * * LOW HITPOINT WARNING * * *
You feel very sick. The kobold misses you.
Throw: 3 throwing nets
Press: ? - help, Q - select action Shift-Dir - straight line, f - kobold
Aim: a kobold, wielding a +0 dagger of venom and quivering stones (heavily wounded, 50% to hit)
You throw a throwing net.
The throwing net closely misses the kobold.
* * * LOW HITPOINT WARNING * * *
You feel sick. The kobold misses you.
Throw: 2 throwing nets
Press: ? - help, Q - select action Shift-Dir - straight line, f/p - kobold
Aim: a kobold, wielding a +0 dagger of venom and quivering stones (heavily wounded, 50% to hit)
You throw a throwing net.
The throwing net barely misses the kobold.
* * * LOW HITPOINT WARNING * * *
You feel sick. The kobold hits you but does no damage.
You are more poisoned.
Throw: throwing net
Press: ? - help, Q - select action Shift-Dir - straight line, f/p - kobold
Aim: a kobold, wielding a +0 dagger of venom and quivering stones (heavily wounded, 50% to hit)
You throw a throwing net. The throwing net hits the kobold.
The kobold is caught in the net!
The kobold is heavily wounded.
* * * LOW HITPOINT WARNING * * *
You feel very sick.
The kobold struggles against the net.
You hit the kobold but do no damage.
The kobold is heavily wounded.
* * * LOW HITPOINT WARNING * * *
You feel very sick.
The kobold struggles against the net.
You hit the kobold.
You kill the kobold!
You die...

.... .. #.#
....#.. #(# .#
..# #.# .#...#
#.# ##...# #
#.# ....#
##..###.#######
....#
...b.........K.
..### .# #)#
### #.# #@# #
#.# #.#
######.# #.#
#......# #.#
### #......#
#.# ..#
#......###.#
..#
#.......##†#
..#
#†......##.#
..#
#.......##'##


There were no monsters in sight!

Vanquished Creatures
  A ball python (D:1)
  A kobold (D:1)
  A rat (D:1)
3 creatures vanquished.

Notes
Turn   | Place    | Note
-------+----------+-------------------------------------------
     0 | D:1      | pkoi the Demigod Gladiator began the quest for the Orb.
     0 | D:1      | Reached XP level 1. HP: 17/17 MP: 3/3
   214 | D:1      | Succumbed to a kobold's poison

Illustrated notes

Levels and vault maps discovered:
D:1:      minmay_arrival_open_corners, layout_basic

Action                   || total
-------------------------++-------
Melee: Unarmed           ||    14
Throw: Throwing net      ||     3
Armor: Leather armour    ||     4
Dodge: Dodged            ||     8
